Unix NetHack Version 5.0.0-0 post-release - last build May 17 2026 04:57:42 (dc50c8380fa5e20985bfe3072449f57b8d9895ef,branch:main).

Game began 2026-05-19 08:58:05, ended 2026-05-19 09:06:58.

1212459919, chaotic male human Rogue

                                    ----------------                #
                    ---------       |..............|       ---------.--
                    |.......|       |.>............|      #-....<.....|
                    |.......|     ##-..............|    ###|...%......|
                   #........-#    # ---|------------`####  |..........|
                   #|.......|#    #    ##                  |..........|
                   #|.......|#   ##     ###                |..........-#
                   #---------#  ##        ###              |..........|#
                   #        ##  #          -.---           ---.-|--|---#
                   #        #   #          |...|              ### ##   #
                   #      ###   #          |..d|              #   #    #
                   #      #-----#          |....#         ###`#   #    #
   ------          #      #|...|#          |...|##       ##   #   #    #
   |>...|          #      #-.{.|#          |...| ####@Z# # ########    #
   |.....###       #       |...-#          -----       # # ###`##########
   |....|  ##------#       |...|                       #-.-.-.--     #--.--
   ------   #|....|#       -----                       #-......|     #|...|
            #-...?.#                                    |......|     #....|
             ------                                     --------      -----

1212459919 the Footpad  St:14 Dx:18 Co:11 In:13 Wi:11 Ch:7  Chaotic
Dlvl:2  $:36 HP:0(16) Pw:8(8) AC:7  Xp:2 T:1538  Fainted  Deaf

Latest messages:
 You faint from lack of food.
 You regain consciousness.
 You can hear again.
 You faint from lack of food.
 You regain consciousness.
 You can hear again.
 You faint from lack of food.
 You regain consciousness.
 You swap places with your little dog.
 You can hear again.
 You faint from lack of food.
 You regain consciousness.
 You can hear again.
 You faint from lack of food.
 You regain consciousness.
 You faint from lack of food.
 You regain consciousness.
 You faint from lack of food.
 You regain consciousness.
 You faint from lack of food.
 You regain consciousness.
 You can hear again.
 You faint from lack of food.
 The little dog bites the newt.
 The newt is killed!
 Your little dog eats a newt corpse.
 You regain consciousness.
 You faint from lack of food.
 You regain consciousness.
 You can hear again.
 You faint from lack of food.
 You regain consciousness.
 You faint from lack of food.
 The little dog misses the gnome zombie.
 The little dog bites the gnome zombie.
 The gnome zombie is destroyed!
 You regain consciousness.
 You faint from lack of food.
 The gnome zombie hits!
 The gnome zombie hits!
 The gnome zombie hits!
 The gnome zombie hits!
 The gnome zombie hits!
 The gnome zombie hits!
 You die...
 Do you want your possessions identified? [ynq] (y) y
 Do you want to see your attributes? [ynq] (y) y
 Do you want an account of creatures vanquished? [ynaq] (y) y
 Do you want to see your conduct? [ynq] (y) y
 Do you want to see the dungeon overview? [ynq] (y) y

Inventory:
 Coins    ('$')
  $ - 36 gold pieces
 Weapons  (')')
  b - 14 +0 daggers (alternate weapons; not wielded)
  a - a blessed +0 short sword (weapon in right hand)
 Armor    ('[')
  c - a blessed +1 leather armor (being worn)
  g - an uncursed +0 scale mail
 Potions  ('!')
  d - an uncursed potion of sickness
 Rings    ('=')
  j - a cursed +1 ring of gain strength
 Wands    ('/')
  h - a wand of magic missile (0:7)
 Tools    ('(')
  f - an empty uncursed sack
  e - an uncursed lock pick
  l - an uncursed tin whistle

1212459919 the Rogue's attributes:

Background:
 You were a Footpad, a level 2 male human Rogue.
 You were chaotic, nominally on a mission for Kos
 who was opposed by Issek (lawful) and Mog (neutral).
 You were right-handed.
 You were in the Dungeons of Doom, on level 2.
 You entered the dungeon 1538 turns ago.
 There was a new moon in effect when your adventure ended.
 You had 24 experience points, 16 more were needed to attain level 3.

Basics:
 You had 0 out of 16 hit points.
 You had all 8 energy points (spell power).
 Your armor class was 7.
 Your wallet contained 36 zorkmids.
 Autopickup was off.

Final Characteristics:
 Your strength was 14 (base:15, limit:18/100).
 Your dexterity was 18 (limit:18).
 Your constitution was 11 (limit:18).
 Your intelligence was 13 (limit:18).
 Your wisdom was 11 (limit:18).
 Your charisma was 7 (limit:18).

Final Status:
 You were deaf.
 You were fainted due to starvation.
 You were unencumbered.
 You were wielding a short sword.
 You had basic skill with short sword.

Final Attributes:
 You were devoutly aligned.
 You were stealthy.
 You were warded.
 You are dead.

Miscellaneous:
 You didn't encounter any bones levels.
 Total elapsed playing time was 8 minutes and 51 seconds.

Major events:
 Turn
    1: 1212459919 the chaotic male human Rogue entered the dungeon
  146: found Grimtooth on the floor
 1538: killed by a gnome zombie, while fainted from lack of food

You didn't know any spells.

Skills:
 Fighting Skills
   bare handed combat [Unskilled]
   two weapon combat  [Unskilled]
   riding             [Unskilled]
 Weapon Skills
   dagger             [Basic]
   knife              [Unskilled]
   short sword        [Basic]
   broadsword         [Unskilled]
   long sword         [Unskilled]
   two-handed sword   [Unskilled]
   saber              [Unskilled]
   club               [Unskilled]
   mace               [Unskilled]
   morning star       [Unskilled]
   flail              [Unskilled]
   hammer             [Unskilled]
   polearms           [Unskilled]
   spear              [Unskilled]
   crossbow           [Unskilled]
   dart               [Unskilled]
   shuriken           [Unskilled]
 Spellcasting Skills
   divination spells  [Unskilled]
   escape spells      [Unskilled]
   matter spells      [Unskilled]

Voluntary challenges:
 Character rerolling was not enabled.
 You were an atheist.
 You were illiterate.
 You never genocided any monsters.
 You never polymorphed an object.
 You never changed form.
 You used no wishes.

 The Dungeons of Doom: levels 1 to 2
    Level 1:
       A fountain.
    Level 2: <- You were here.
       A fountain.
       Final resting place for
          you, killed by a gnome zombie, while fainted from lack of food.


Vanquished creatures:
  a gnome zombie
  7 jackals
  a goblin
  a sewer rat
  3 grid bugs
  4 lichens
  a kobold zombie
  3 newts
21 creatures vanquished.

No species were genocided or became extinct.

Game over:
                       ----------
                      /          \
                     /    REST    \
                    /      IN      \
                   /     PEACE      \
                  /                  \
                  |    1212459919    |
                  |      36 Au       |
                  |   killed by a    |
                  |   gnome zombie   |
                  |                  |
                  |                  |
                  |       2026       |
                 *|     *  *  *      | *
        _________)/\\_//(\/(/\)/\//\/|_)_______

Goodbye 1212459919 the Rogue...

You died in The Dungeons of Doom on dungeon level 2 with 179 points,
and 36 pieces of gold, after 1538 moves.
You were level 2 with a maximum of 16 hit points when you died.

